 Dungeon Crawl Stone Soup version 0.28-a0-1505-g8c907de6ad (webtiles) character file.

Game seed: 14523594565745425902

74 Anon1729 the Chopper (level 4, -2/41 HPs)
             Began as a Minotaur Monk on Jan 13, 2022.
             Was a Priest of Fedhas.
             Slain by an ice beast (5 damage)
             ... on level 4 of the Dungeon.
             The game lasted 00:03:20 (3858 turns).

Anon1729 the Chopper (Minotaur Monk)                Turns: 3858, Time: 00:03:20

Health: -2/41      AC:  2    Str: 18    XL:     4   Next: 10%
Magic:  3/3        EV: 13    Int:  7    God:    Fedhas [***...]
Gold:   178        SH:  0    Dex: 12    Spells: 3/3 levels left

rFire   x . .      SeeInvis .   a - +0 hand axe
rCold   + . .      Faith    .   (no shield)
rNeg    . . .      Spirit   .   b - +0 robe
rPois   .          Reflect  .   (helmet restricted)
rElec   .          Harm     .   (no cloak)
rCorr   .          Rampage  .   (no gloves)
Will    +....                   (no boots)
Stlth   ++........              (no amulet)
HPRegen 0.13/turn               j - ring of willpower
MPRegen 0.08/turn               h - ring of ice

@: no status effects
A: horns 2, retaliatory headbutt
a: Renounce Religion, Wall of Briars, Grow Ballistomycete


You were on level 4 of the Dungeon.
You worshipped Fedhas.
Fedhas was most pleased with you.
You visited 1 branch of the dungeon, and saw 4 of its levels.

You collected 178 gold pieces.

Inventory:

Hand Weapons
 a - a +0 hand axe (weapon)
Missiles
 d - 12 poisoned darts (quivered)
 g - 10 javelins
Armour
 b - a +0 robe (worn)
Jewellery
 h - a ring of ice (right hand)
 j - a ring of willpower (left hand)
Scrolls
 e - 2 scrolls of identify {unknown}
 f - 2 scrolls of acquirement {unknown}
 k - a scroll of torment {unknown}
 l - a scroll of noise {unknown}
 m - a scroll of fear {unknown}
Potions
 c - a potion of berserk rage {unknown}
 i - a potion of brilliance {unknown}


   Skills:
 + Level 4.3 Fighting
 * Level 4.6 Axes
 + Level 3.9 Dodging
 - Level 2.0 Stealth


You had 3 spell levels left.
You didn't know any spells.
Your spell library contained the following spells:

 Spells                   Type           Power      Damage    Failure   Level
 Shock                    Conj/Air       0%         1d3       43%         1
 Swiftness                Air            0%         N/A       80%         3
 Airstrike                Air            0%         N/A       99%         4


Dungeon Overview and Level Annotations

Branches:
Dungeon (4/15)
 Temple: D:4-7

Altars:
Cheibriados
Fedhas
Vehumet

Annotations:
D:3 Edmund
D:4 Grinder


Innate Abilities, Weirdness & Mutations

You have a pair of horns on your head.
You reflexively headbutt those who attack you in melee.


Message History

You are too injured to fight recklessly!
You are too injured to fight recklessly!
The jackal bites you.
You hit the ice beast but do no damage.
The ice beast is moderately wounded.
You barely miss the jackal.
The jackal bites you but does no damage.
The jackal barely misses you. The ice beast misses you.
You furiously retaliate!
You headbutt the ice beast, but do no damage.
The jackal misses you.
The jackal bites you but does no damage.
You barely miss the jackal.
The jackal is heavily wounded.
The jackal completely misses you. You furiously retaliate!
You headbutt the jackal. You completely miss the jackal.
You headbutt the jackal.
You kill the jackal!
Fedhas appreciates your contribution to the ecosystem.
You hit the ice beast but do no damage.
The ice beast hits you but does no damage.
You barely miss the ice beast. You headbutt the ice beast.
The ice beast is moderately wounded.
The ice beast closely misses you.
You hit the ice beast.
The ice beast is heavily wounded.
The ice beast hits you. The ice beast freezes you. You resist.
You barely miss the ice beast. You headbutt the ice beast.
The ice beast is severely wounded.
The ice beast hits you.
* * * LOW HITPOINT WARNING * * *
The ice beast freezes you. You resist.
* * * LOW HITPOINT WARNING * * *
You hit the ice beast but do no damage.
The ice beast is severely wounded.
The ice beast hits you.
* * * LOW HITPOINT WARNING * * *
The ice beast freezes you. You resist.
You die...
Fedhas appreciates your contribution to the ecosystem.

.... .....## ## .....#.
#.# ......#.#..##
#...........#
#..........#
#..........# #.
......#.@..# ..#
#.....##.Y## .....
#......## ###....#
##...<.#
.......##.........#
.....................
................##....#
....... ......... #...#
...##.. ......... ...#


You could see an ice beast.

Vanquished Creatures
  An adder (D:3)
  5 dart slugs
  8 ball pythons
  2 endoplasms (D:1)
  9 goblins
  4 hobgoblins
  9 jackals
  4 bats
  2 frilled lizards
  2 kobolds (D:1)
  5 rats
51 creatures vanquished.

Notes
Turn   | Place    | Note
-------+----------+-------------------------------------------
     0 | D:1      | Anon1729 the Minotaur Monk began the quest for the Orb.
     0 | D:1      | Reached XP level 1. HP: 19/19 MP: 0/0
   427 | D:1      | Reached XP level 2. HP: 24/27 MP: 1/1
   871 | D:1      | Reached XP level 3. HP: 5/33 MP: 2/2
  1351 | D:1      | Found a faded altar of an unknown god.
  1355 | D:1      | Prayed at the altar of an unknown god.
  1355 | D:1      | Became a worshipper of Fedhas Madash
  1355 | D:1      | Reached * piety under Fedhas
  1355 | D:1      | Reached ** piety under Fedhas
  1671 | D:2      | Reached *** piety under Fedhas
  1841 | D:2      | Found a radiant altar of Vehumet.
  2166 | D:3      | Found a snail-covered altar of Cheibriados.
  2743 | D:3      | Reached XP level 4. HP: 35/40 MP: 3/3
  3211 | D:4      | Noticed Grinder
  3313 | D:4      | Noticed Edmund
  3803 | D:4      | Noticed an ice beast
  3858 | D:4      | Slain by an ice beast

Illustrated notes

Levels and vault maps discovered:
D:1:      matt_arrival_los_fun, layout_basic, ebering_ecumenical_altar_abandoned
D:2:      layout_rooms, basic_altar, serial_park_tiny_2
D:3:      layout_basic, mainiacjoe_overflow_24_doors
D:4:      layout_cave_pools, uniq_grinder, uniq_natasha, uniq_edmund

Skill      XL: |  1  2 |
---------------+-------+-----
Fighting       | 4 |  4.3
Axes           | 4 |  4.6
Stealth        | 2 |  2.0
Dodging        | |  3.9

Action                   |  1- 3 |  4- 6 || total
-------------------------+-------+-------++-------
Melee: Hand axe          |    87 |    26 ||   113
       Headbutt          |     4 |     6 ||    10
       Punch             |     1 |       ||     1
 Stab: Sleeping          |     6 |       ||     6
Armor: Robe              |    12 |     9 ||    21
Dodge: Dodged            |    63 |    38 ||   101

Table legend: (Time is in decaauts)
 A = Elapsed time spent in this place.
 B = Non-inter-level travel time spent in this place.
 C = Inter-level travel time spent in this place.
 D = Time resting spent in this place.
 E = Time spent auto-exploring this place.
 F = Levels seen in this place.
 G = Mean time per level.
                   A        B        C        D        E       F      G
               +--------+--------+--------+--------+--------+-----+--------+
         Total |   3872 |   3600 |    272 |    445 |   2751 |   4 |  968.0 |
       Dungeon |   3872 |   3600 |    272 |    445 |   2751 |   4 |  968.0 |
               +--------+--------+--------+--------+--------+-----+--------+

Top non-repeatable levels by time:
     D:1: 1562 daAuts
     D:3: 1391 daAuts
     D:2: 877 daAuts
     D:4: 41 daAuts
